 Dungeon Crawl Stone Soup version 0.24-a0-439-g6dd8730de2 (webtiles) character file.

Game seed: 12503090294183376695

26 MirrMurr the Sneak (level 2, 0/13 HPs)
             Began as a Spriggan Enchanter on June 18, 2019.
             Killed from afar by a dart slug (7 damage)
             ... with a slug dart
             ... on level 2 of the Dungeon.
             The game lasted 00:03:17 (1176 turns).

MirrMurr the Sneak (Spriggan Enchanter)             Turns: 1176, Time: 00:03:18

Health: 0/13       AC:  3    Str:  4    XL:     2   Next: 89%
Magic:  4/6        EV: 18    Int: 16    God:
Gold:   58         SH:  0    Dex: 16    Spells: 3/6 levels left

rFire    . . .     SeeInvis +   a - +1 dagger
rCold    . . .     Gourm    .   (shield restricted)
rNeg     . . .     Faith    .   b - +1 robe
rPois    .         Spirit   .   (helmet restricted)
rElec    .         Reflect  .   (no cloak)
rCorr    .         Harm     .   (gloves unavailable)
MR       .....                  (boots unavailable)
Stlth    +++.......             (no amulet)
HPRegen  0.04/turn              (no ring)
MPRegen  0.10/turn              (no ring)

@: very quick
A: very small, unfitting armour, see invisible, herbivore, speed 3, slow
metabolism 2
a: no special abilities


You were on level 2 of the Dungeon.
You were not hungry.

You visited 1 branch of the dungeon, and saw 2 of its levels.

You collected 58 gold pieces.

Inventory:

Hand Weapons
 a - a +1 dagger (weapon)
 h - a +0 hunting sling
Missiles
 d - 57 stones (quivered)
 f - 31 sling bullets
 g - 3 poisoned darts
Armour
 b - a +1 robe (worn)
Scrolls
 e - a scroll of teleportation {unknown}
Comestibles
 c - a ration


   Skills:
 + Level 2.3 Short Blades
 - Level 3.0 Dodging
 + Level 5.5 Stealth
 - Level 2.6 Spellcasting
 - Level 3.6 Hexes


You had 3 spell levels left.
You knew the following spells:

 Your Spells              Type           Power        Failure   Level  Hunger
a - Ensorcelled Hibernat  Hex/Ice        #.....       14%         2    ##.....
C - Corona                Hex            ##.....      4%          1    #......

Your spell library contained the following spells:

 Spells                   Type           Power        Failure   Level  Hunger
 Slow                     Hex            ##......     7%          2    ##.....
 Confuse                  Hex            ##......     13%         3    ###....
 Tukima's Dance           Hex            ##......     13%         3    ###....
 Magic Dart               Conj           #...         19%         1    #......
 Blink                    Tloc           N/A          28%         2    ##.....
 Call Imp                 Summ           #.......     28%         2    ##.....
 Dazzling Spray           Conj/Hex       #.....       28%         3    ###....
 Conjure Flame            Conj/Fire      #.......     50%         3    ###....
 Mephitic Cloud           Conj/Pois/Air  #.......     50%         3    ###....


Dungeon Overview and Level Annotations

Branches:
Dungeon (2/15)

Altars:

Annotations:
D:2 Robin


Innate Abilities, Weirdness & Mutations

You are very small and have problems with some larger weapons.
You are too small for most types of armour.
You have supernaturally acute eyesight. (SInv)
You are a herbivore.
You cover ground extremely quickly.
You need to consume almost no food.


Message History

You hit the dart slug.
The dart slug is lightly wounded.
You hit the dart slug.
The dart slug is moderately wounded.
The dart slug misses you. The dart slug launches a dart at you.
The slug dart misses you.
Casting: Ensorcelled Hibernation (safe; 14% risk of failure)
Confirm with . or Enter, or press ? or * to list all spells.
Aiming: Ensorcelled Hibernation (safe; 14% risk of failure)
Press: ? - help, Shift-Dir - straight line, f - dart slug
Aim: a dart slug (clinging, chance to defeat MR: 56%)
The dart slug looks drowsy...
The helpless dart slug fails to defend itself.
You impale the dart slug!!
You kill the dart slug!
The dart slug launches a dart at you. The slug dart hits you!
Ouch! That really hurt!
You die...

#............#g
#............#g.
#............#..
#............#..
#............#.# ###
#............#.#####..
#...w.........>.......
#...†@.......(...##+##
#####......#....##...#
#......#...##.....
#.........##.8...8
#......#.##.#.....
#........#...8...8
##+###.#.'........
...#.#...8...8
#####.##.#.....


You could see a dart slug.

Vanquished Creatures
  An ooze (D:1)
  2 dart slugs
  A leopard gecko (D:1)
  2 orcs (D:2)
  4 bats (D:1)
  A goblin (D:2)
  A hobgoblin (D:1)
  A ball python (D:1)
  A kobold (D:1)
  2 rats
16 creatures vanquished.

Notes
Turn   | Place    | Note
-------+----------+-------------------------------------------
     0 | D:1      | MirrMurr the Spriggan Enchanter began the quest for the
                  | Orb.
     0 | D:1      | Reached XP level 1. HP: 9/9 MP: 5/5
   122 | D:1      | Reached skill level 5 in Stealth
   122 | D:1      | Reached XP level 2. HP: 12/13 MP: 6/6
   316 | D:1      | Learned a level 2 spell: Ensorcelled Hibernation
   942 | D:2      | Noticed Robin
  1176 | D:2      | Killed from afar by a dart slug

Levels and vault maps discovered:
D:1:      giann_wishing_wells, layout_basic
D:2:      layout_basic, dk_noncrumbling_3, uniq_robin

Skill      XL: |  1  2 |
---------------+-------+-----
Stealth        | 5 |  5.5
Short Blades   | 2 |  2.3
Dodging        | |  3.0
Spellcasting   | |  2.6
Hexes          | |  3.6

Action                   || total
-------------------------++-------
Melee: Dagger            ||    41
 Cast: Ensorcelled Hiber ||     6
       Corona            ||     1
  Use: Scroll            ||     3
 Stab: Sleeping          ||     9
Armor: Robe              ||     4
Dodge: Dodged            ||    34

Table legend:
 A = Non-vault XP
 B = Vault XP
 C = Vault XP percentage of total XP
 D = Non-vault monster count
 E = Vault monster count
 F = Vault count percentage of total count
                 A         B        C        D         E       F
            +---------+---------+-------+---------+---------+-------
      Total |      36 |       2 |   5.3 |      15 |       1 |   6.2
            +---------+---------+-------+---------+---------+-------
        D:1 |      25 |       0 |   0.0 |      11 |       0 |   0.0
        D:2 |      11 |       2 |  15.4 |       4 |       1 |  20.0
            +---------+---------+-------+---------+---------+-------
